 Dungeon Crawl Stone Soup version 0.31-a0-662-g684573625c (webtiles) character file.

Game seed: 15636991251542488262

43570 avis the Spry (level 13, 0/76 HPs)
             Began as a Felid Shapeshifter on Sept 2, 2023.
             Was an Initiate of Gozag.
             Slain by a death yak (20 damage)
             ... on level 5 of the Lair of Beasts.
             The game lasted 01:39:50 (20362 turns).

avis the Spry (Felid Shapeshifter)                 Turns: 20362, Time: 01:39:51

Health: 0/76       AC: 10    Str: 17    XL:     13   Next: 91%
Magic:  15/15      EV: 24    Int: 12    God:    Gozag
Gold:   2225       SH:  0    Dex: 18    Spells: 12/14 levels left
                                        Lives:  0   Deaths: 4

rFire   . .          .
                       - Unarmed
rCold   . . .        (shield unavailable)
rNeg    . . .        (body armour unavailable)
rPois   +            (helmet unavailable)
rElec   .            (cloak unavailable)
rCorr   .            (gloves unavailable)
SInv    +            (boots unavailable)
Will    +....        (no amulet)
Stlth   ++++         g - +5 ring of evasion
HPRegen 0.32/turn    D - ring of Lady Luck {Wiz rPois}
MPRegen 0.14/turn

%: wizardry (x1)
@: snake-form, gold aura
A: constrict, boosted hp, large, (claws 1), (fangs 3), see invisible, (speed 1),
(shaggy fur 3), (stealthy paws), no weapons or thrown items, no armour,
multi-lived
a: Begin Untransformation, Renounce Religion, Potion Petition, Call Merchant,
Bribe Branch


You were on level 5 of the Lair of Beasts.
You worshipped Gozag.
Gozag was most pleased with you.
You were an enormous anaconda.
You visited 3 branches of the dungeon, and saw 15 of its levels.
You also visited: Ossuary.

You collected 3627 gold pieces.
You spent 494 gold pieces at shops.
You paid 908 gold pieces to Gozag.

Inventory:

Jewellery
 g - a +5 ring of evasion (left hand)
 A - a ring of ice
 D - the ring of Lady Luck (right hand) {Wiz rPois}
   (You bought it in a shop on level 1 of the Lair of Beasts)

   [ring of wizardry]

   Wiz:       It improves your spell success rate.
   rPois:     It protects you from poison
 E - a ring of fire
 G - a +6 ring of intelligence
Talismans
 b - a maw talisman
 s - a serpent talisman (active)
Wands
 h - a wand of mindburst (8)
 k - a wand of light (4)
 w - a wand of charming (2)
 y - a wand of polymorph (8)
Scrolls
 d - 3 scrolls of revelation
 e - 3 scrolls of poison
 m - 5 scrolls of fog
 o - 7 scrolls of blinking {unknown}
 p - 11 scrolls of teleportation {unknown}
 z - 2 scrolls of fear
Potions
 a - 3 potions of lignification
 c - 2 potions of heal wounds
 i - 8 potions of curing
 l - 3 potions of ambrosia
 q - 3 potions of enlightenment
 r - 2 potions of brilliance
 t - 2 potions of might
 u - 2 potions of cancellation
 v - a potion of magic
 x - 2 potions of haste
 F - a potion of resistance


   Skills:
 + Level 11.9 Fighting
 + Level 16.0 Dodging
 + Level 6.7 Stealth
 + Level 12.5 Unarmed Combat
 - Level 1.0 Spellcasting
 - Level 2.0 Translocations
 * Level 12.4 Shapeshifting


You had 12 spell levels left.
You knew the following spells:

 Your Spells              Type           Power      Damage    Failure   Level
a - Blink                 Tloc           10%        N/A       9%          2

Your spell library contained the following spells:

 Spells                   Type           Power      Damage    Failure   Level
 Lesser Beckoning         Tloc           10%        N/A       9%          2
 Kiss of Death            Conj/Necr      0%         2d5       12%         1
 Magic Dart               Conj           0%         1d3       12%         1
 Necrotise                Necr           0%         1d4       12%         1
 Slow                     Hex            0%         N/A       12%         1
 Momentum Strike          Conj/Tloc      6%         3d8       12%         2
 Gell's Gravitas          Tloc           5%         N/A       16%         3
 Teleport Other           Tloc           5%         N/A       16%         3
 Ensorcelled Hibernation  Hex/Ice        0%         N/A       17%         2
 Searing Ray              Conj           0%         2d4       17%         2
 Sublimation of Blood     Necr           0%         N/A       17%         2
 Volatile Blastmotes      Fire/Tloc      6%         2d10      24%         3
 Confusing Touch          Hex            0%         N/A       32%         3
 Dazzling Flash           Conj/Hex       0%         N/A       32%         3
 Stone Arrow              Conj/Erth      0%         3d7       32%         3
 Summon Guardian Golem    Hex/Summ       0%         N/A       32%         3
 Vampiric Draining        Necr           0%         2d6       32%         3
 Manifold Assault         Tloc           5%         N/A       45%         4
 Anguish                  Hex/Necr       0%         N/A       71%         4
 Cause Fear               Hex            0%         N/A       71%         4
 Dispel Undead            Necr           0%         3d6       71%         4
 Fulminant Prism          Conj/Hex       0%         3d5       71%         4
 Petrify                  Tmut/Erth      0%         N/A       71%         4
 Summon Ice Beast         Ice/Summ       0%         N/A       71%         4
 Agony                    Necr           0%         N/A       96%         5
 Fireball                 Conj/Fire      0%         3d3       96%         5
 Irradiate                Conj/Tmut      0%         3d11      96%         5
 Iskenderun's Battlesphe  Conj           0%         2d6       96%         5
 Silence                  Hex/Air        0%         N/A       96%         5
 Summon Mana Viper        Hex/Summ       0%         N/A       96%         5
 Conjure Ball Lightning   Conj/Air       0%         3x3d6     100%        6
 Dispersal                Tloc           2%         N/A       100%        6
 Starburst                Conj/Fire      0%         6d3       100%        6
 Enfeeble                 Hex            0%         N/A       100%        7
 Monstrous Menagerie      Summ           0%         N/A       100%        7
 Orb of Destruction       Conj           0%         9d5       100%        7
 Spellforged Servitor     Conj/Summ      0%         N/A       100%        7
 Disjunction              Tloc           2%         N/A       100%        8
 Lehudib's Crystal Spear  Conj/Erth      0%         10d2      100%        8
 Maxwell's Capacitive Co  Air            0%         ∞         100%        8
 Animate Armour           Summ/Erth      Unusable   N/A       N/A         4

Dungeon Overview and Level Annotations

Branches:
Dungeon (9/15)             Temple (1/1) D:7            Lair (5/5) D:9
 Shoals (0/4) Lair:3       Spider (0/4) Lair:3        Slime (0/5) Lair:5
Ossuary (visited)
    Orc: D:9-12

Altars:
Ashenzari
Cheibriados
Dithmenos
Elyvilon
Fedhas
Gozag
Hepliaklqana
Kikubaaqudgha
Makhleb
Nemelex Xobeh
Okawaru
Qazlal
Ru
Sif Muna
Trog
Uskayaw
Vehumet
Wu Jian
Xom
Yredelemnul
Zin
The Shining One

Shops:
Lair:1 =

Annotations:
Lair:5 1 runed translucent door


Innate Abilities, Weirdness & Mutations

You are an enormous anaconda.
You have a powerful constriction melee attack.
Your maximum health is increased.
((You have sharp claws.))
((You have razor-sharp teeth.))
You have supernaturally acute eyesight. (SInv)
((You cover ground quickly. (Speed+)))
((Your thick and shaggy fur keeps you warm. (AC +3, rC+)))
((Your paws help you pounce on unaware monsters.))
You are incapable of wielding weapons or throwing items.
You cannot wear armour.
You gain extra lives every three experience levels.


Message History

The death yak is almost dead.
You constrict the death yak.
You kill the death yak!
The death yak completely misses you.
The yak gores something!
The death yak gores something!
Your Dodging skill increases to level 16!
You hit the death yak but do no damage. You grab the death yak.
You constrict the death yak, but do no damage.
The death yak escapes!
You lash the death yak! You grab the death yak.
The death yak is lightly wounded.
You constrict the death yak. The death yak gores you!
You barely miss the death yak. You constrict the death yak.
The death yak closely misses you.
The death yak gores you but does no damage.
You completely miss the death yak. You constrict the death yak.
The death yak closely misses you.
You lash the death yak!
The death yak is lightly wounded.
You constrict the death yak, but do no damage.
The death yak misses you. x2
You lash the death yak!
The death yak is moderately wounded.
You constrict the death yak. The death yak completely misses you.
You body-slam the death yak!!
The death yak is heavily wounded.
You constrict the death yak. The death yak gores you. The death yak misses you.
You body-slam the death yak!!
The death yak is almost dead.
You constrict the death yak. The death yak barely misses you.
The death yak gores you!!
* * * LOW HITPOINT WARNING * * *
You lash the death yak!
The death yak is heavily wounded.
You constrict the death yak. The death yak barely misses you.
You body-slam the death yak!!
The death yak is severely wounded.
You constrict the death yak. The death yak gores you!!
You die...
Your body crumbles into a pile of gold.

##........## ######
##...#......# #..P.#
##...###.....#
##...####...## ##....#
#....##...### ###..###
##......### ##...##
#..##...## ##..### .
#######..## #...## #.. ###
##SY# ##..P# #.. ##.###
##Y###...## ..# #..
##....####YY......## ##..
.....
#......##.....###Y.####...
....#####......#...###
##..##.Y.. ....#.
#..##.....## #.Y.YY8.8
.....# #...###.###
###.8.... .....##
##...#### ## #....8..
......## ##...###PP#
#....8..P


You could see 2 death yaks and 2 yaks.

Vanquished Creatures
  Gastronok (Lair:3)
  Fannar (Lair:3)
  2 catoblepae (Lair:5)
  2 hydras
  11 death yaks
  Sonja (Lair:3)
  Urug (Lair:4)
  2 orb spiders
  3 manticores
  6 elephants
  6 black mambas
  Joseph (D:9)
  2 torpor snails
  7 cane toads
  3 rime drakes
  9 komodo dragons
  4 polar bears
  5 blink frogs (Lair:4)
  14 dream sheep (Lair:4)
  Sigmund (D:6)
  5 wyverns
  51 yaks
  4 basilisks
  A steam dragon (Lair:1)
  17 water moccasins
  2 ice beasts (D:6)
  5 orc warriors
  A sky beast (D:7)
  6 wolves (Lair:1)
  3 black bears (Lair:1)
  2 centaurs
  2 kobold brigands (D:7)
  2 elf zombies (D:5)
  A gnoll sergeant (D:9)
  14 bullfrogs
  2 elf skeletons (D:5)
  4 scorpions
  3 wights (D:8)
  12 killer bees
  A howler monkey (D:4)
  A centaur zombie (Ossuary)
  A human zombie (Ossuary)
  3 hounds
  5 orc priests
  2 jellies
  3 iguanas (D:7)
  Jessica (D:2)
  A human skeleton (D:5)
  Terence (D:2)
  11 orc wizards
  5 hell rats (Lair:4)
  5 mummies (Ossuary)
  3 adders
  15 gnolls
  4 white imps
  An ufetubus (D:4)
  2 worms
  A dart slug (D:2)
  46 orcs
  11 endoplasms
  5 giant cockroaches
  5 goblins
  8 hobgoblins
  20 jackals
  2 quokkas
  8 ball pythons
  A bat (D:1)
  2 frilled lizards (D:3)
  A gnoll zombie (Ossuary)
  2 goblin zombies (Ossuary)
  A hobgoblin zombie (Ossuary)
  14 kobolds
  An orc skeleton (D:5)
  2 orc zombies (Ossuary)
  3 rats
417 creatures vanquished.

Notes
Turn   | Place    | Note
-------+----------+-------------------------------------------
     0 | D:1      | avis the Felid Shapeshifter began the quest for the Orb.
     0 | D:1      | Reached XP level 1. HP: 9/9 MP: 2/2
   286 | D:1      | Reached XP level 2. HP: 8/12 MP: 3/3
   299 | D:1      | Reached skill level 1 in Stealth
   402 | D:1      | Reached skill level 3 in Dodging
   558 | D:1      | Found a faded altar of an unknown god.
   691 | D:2      | Noticed Terence
   773 | D:2      | Reached XP level 3. HP: 10/16 MP: 4/4
   813 | D:2      | Killed Terence
  1034 | D:2      | Reached XP level 4. HP: 19/19 MP: 5/5
  1070 | D:2      | Noticed Jessica
  1120 | D:2      | Killed Jessica
  1471 | D:2      | Reached XP level 5. HP: 23/23 MP: 6/6
  1876 | D:3      | Found an ancient bone altar of Kikubaaqudgha.
  1881 | D:3      | Found a hazy altar of Hepliaklqana.
  1887 | D:3      | Found a radiant altar of Vehumet.
  1891 | D:3      | Found a snail-covered altar of Cheibriados.
  1893 | D:3      | Found a broken altar of Ashenzari.
  1899 | D:3      | Found a glowing golden altar of the Shining One.
  2733 | D:4      | Found a white marble altar of Elyvilon.
  2752 | D:4      | Reached skill level 4 in Dodging
  2887 | D:4      | Gained mutation: You are covered in thick fur. (AC +2)
                  | [Felid growth]
  2887 | D:4      | Reached XP level 6. HP: 28/28 MP: 7/7
  2892 | D:4      | Learned a level 2 spell: Blink
  3103 | D:4      | Noticed an orc warrior
  3147 | D:4      | Killed an orc warrior
  3158 | D:4      | Reached skill level 5 in Unarmed Combat
  3245 | D:4      | Found the +1 Delatra's gloves {ID++}
  3566 | D:4      | Reached XP level 7. HP: 26/32 MP: 8/8
  3840 | D:5      | Entered Level 5 of the Dungeon
  3941 | D:5      | Reached skill level 5 in Dodging
  4023 | D:5      | Found a sand-covered staircase.
  4091 | Ossuary  | Entered an ossuary
  4162 | Ossuary  | Reached skill level 5 in Fighting
  4284 | Ossuary  | Reached skill level 6 in Dodging
  4628 | D:5      | Identified the +2 leather armour "Nigumal Apiu" {rElec
                  | Str+3}
  5282 | D:6      | Reached skill level 5 in Shapeshifting
  5282 | D:6      | Reached XP level 8. HP: 37/37 MP: 9/9
  5396 | D:6      | Noticed Sigmund
  5402 | D:6      | Killed Sigmund
  5403 | D:6      | Reached skill level 7 in Dodging
  6211 | D:6      | Reached skill level 1 in Translocations
  7153 | D:7      | Reached skill level 8 in Dodging
  7176 | D:7      | Reached XP level 9. HP: 17/41 MP: 10/10
  7475 | D:7      | Identified the +10 sling of Tymob {speed, Int+2}
  7740 | D:7      | Found a staircase to the Ecumenical Temple.
  7760 | Temple   | Entered the Ecumenical Temple
  8004 | D:7      | Reached skill level 1 in Spellcasting
  8012 | D:7      | Reached skill level 9 in Dodging
  8378 | D:8      | Found a shadowy altar of Dithmenos.
  8451 | D:8      | Identified the +0 long sword of the Ancient Olives {heavy,
                  | Fly rF+ Str+2}
  8696 | D:8      | Found a shimmering blue altar of Sif Muna.
  8772 | D:8      | Reached skill level 10 in Dodging
  8846 | D:8      | Found an opulent altar of Gozag.
  8848 | D:8      | Found a shimmering altar of Xom.
  9105 | D:8      | Became a worshipper of Gozag Ym Sagoz the Greedy
  9447 | D:9      | Reached XP level 10. HP: 37/46 MP: 12/12
  9729 | D:9      | Noticed a two-headed ogre
  9731 | D:9      | a two-headed ogre changed into an orb spider
  9731 | D:9      | Noticed an orb spider
  9746 | D:9      | Noticed Joseph
  9756 | D:9      | HP: 2/46 [Joseph/+0 quarterstaff (17)]
  9778 | D:9      | Found a staircase to the Lair.
  9818 | D:9      | Killed Joseph
 10274 | D:9      | Reached skill level 11 in Dodging
 10493 | D:9      | Killed an orb spider
 10775 | Lair:1   | Entered Level 1 of the Lair of Beasts
 10807 | Lair:1   | Noticed a cane toad
 10818 | Lair:1   | Killed a cane toad
 11085 | Lair:1   | Reached skill level 12 in Dodging
 11384 | Lair:1   | Noticed a cane toad
 11400 | Lair:1   | Killed a cane toad
 11784 | Lair:1   | Reached XP level 11. HP: 42/51 MP: 13/13
 12260 | Lair:1   | Reached skill level 10 in Unarmed Combat
 12262 | Lair:1   | Reached skill level 13 in Dodging
 12281 | Lair:1   | Slain by a torpor snail
 12583 | Lair:2   | Noticed a death yak
 12646 | Lair:2   | Noticed a death yak
 12646 | Lair:2   | Noticed a death yak
 12752 | Lair:2   | Noticed a death yak
 12752 | Lair:2   | Noticed a death yak
 12753 | Lair:2   | Noticed a death yak
 12753 | Lair:2   | Noticed a death yak
 12754 | Lair:2   | Noticed a death yak
 12765 | Lair:1   | Slain by a death yak
 12844 | Lair:1   | Killed a death yak
 12901 | Lair:1   | Killed a death yak
 13004 | Lair:1   | Killed a death yak
 13311 | Lair:1   | Killed a death yak
 13312 | Lair:1   | Reached skill level 5 in Stealth
 13422 | Lair:2   | Killed a death yak
 13504 | Lair:2   | Gained mutation: Your thick and shaggy fur keeps you warm.
                  | (AC +3, rC+) [Felid growth]
 13504 | Lair:2   | Reached XP level 12. HP: 58/58 MP: 14/14
 13561 | Lair:2   | Reached skill level 10 in Fighting
 13710 | Lair:1   | Killed a death yak
 13821 | Lair:2   | Reached skill level 14 in Dodging
 14354 | Lair:1   | Killed a death yak
 14428 | Lair:2   | Killed a death yak
 14797 | Lair:3   | Noticed a five-headed hydra
 15033 | Lair:3   | Found an ancient bone altar of Kikubaaqudgha.
 15051 | Lair:3   | Noticed Sonja
 15065 | Lair:3   | Noticed Fannar
 15100 | Lair:3   | Killed Fannar
 15125 | Lair:3   | Slain by Sonja
 15134 | Lair:3   | Killed Sonja
 15340 | Lair:3   | Killed a five-headed hydra
 15341 | Lair:3   | Reached skill level 10 in Shapeshifting
 15554 | Lair:3   | Found a staircase to the Shoals.
 15683 | Lair:3   | Found a hole to the Spider Nest.
 15944 | Lair:3   | Noticed Gastronok
 15964 | Lair:3   | Killed Gastronok
 16394 | Lair:1   | Bought the ring of Lady Luck {Wiz rPois} for 494 gold
                  | pieces
 16916 | Lair:4   | Reached skill level 15 in Dodging
 16990 | Lair:4   | Reached XP level 13. HP: 51/63 MP: 15/15
 17061 | Lair:4   | Mangled by a dream sheep
 17564 | Lair:4   | Noticed Urug
 17590 | Lair:4   | Killed Urug
 18433 | Lair:5   | Entered Level 5 of the Lair of Beasts
 18433 | Lair:5   | Found a runed translucent door.
 18457 | Lair:5   | Found a staircase to the Slime Pits.
 20353 | Lair:5   | Reached skill level 16 in Dodging
 20362 | Lair:5   | Slain by a death yak

Illustrated notes

Levels and vault maps discovered:
D:1:      lemuel_arrival_muddy, layout_basic,
          hellmonk_ecumenical_altar_prayer_group, minmay_tetromino_i4
D:2:      layout_loops_ring, uniq_terence, uniq_jessica
D:3:      layout_basic, nicolae_overflow_hallway_of_the_gods
D:4:      layout_basic, elyvilon_altar_4, minmay_misc_feat_plants,
          kennysheep_cross_room, kennysheep_pointless_box, minivault_26,
          pf_guarded_unrand_delatra
D:5:      layout_loops_cross, nicolae_ossuary_entry_catacombs
D:6:      layout_layer_cave, uniq_sigmund
D:7:      layout_loops_corners, temple_fountains
D:8:      layout_basic, jmf_multi_god_temple, nicolae_dithmenos_the_darkroom,
          kennysheep_orc_sif_temple, minmay_misc_feat_tiny
D:9:      layout_loops_corners, lair_entry_dummy, special_room
          [special_room_orc], uniq_joseph
Temple:   hellmonk_temple_of_storms
Lair:1:   layout_regular_city, nicolae_lair_lakeside_cave, grunt_megastairs_1
Lair:2:   layout_long_grid
Lair:3:   layout_cave_pods, elwin_shoals_entry_rocks,
          nicolae_spider_entry_orb_guardian, basic_altar, uniq_fannar,
          uniq_gastronok, uniq_sonja
Lair:4:   layout_long_grid, uniq_urug
Lair:5:   evilmike_catoblepas_cave, layout_loops_ring, slime_entry_2

Skill      XL: |  1  2  3  4  5  6  7  8  9 10 11 12 13 |
---------------+----------------------------------------+-----
Stealth        | 1 2 3 4 5 6 |  6.7
Dodging        | 3 4 6 8 10 12 13 15 16 | 16.0
Fighting       | 2 3 4 5 6 8 9 11 | 11.9
Unarmed Combat | 4 5 6 7 9 10 11 12 | 12.5
Shapeshifting  | 4 5 6 7 8 10 12 | 12.4
Translocations | 2 |  2.0
Spellcasting   | 1 |  1.0

Action                     |  1- 3 |  4- 6 |  7- 9 | 10-12 | 13-15 || total
---------------------------+-------+-------+-------+-------+-------++-------
  Melee: Unarmed           |    86 |   175 |   342 |   760 |   371 ||  1734
         Punch             |     3 |     4 |    17 |    27 |       ||    51
         Bite              |     3 |    10 |    39 |   118 |    21 ||   191
         Constrict         |       |       |       |       |    62 ||    62
 Invoke: Call Merchant     |       |       |       |     1 |       ||     1
  Evoke: Wand              |       |       |       |     6 |     1 ||     7
    Use: Scroll            |       |     5 |     5 |     6 |     7 ||    23
         Potion            |       |     2 |     2 |     7 |       ||    11
   Stab: Sleeping          |     4 |     7 |    11 |     4 |     1 ||    27
         Distracted        |       |       |     1 |     4 |     3 ||     8
         Petrified         |       |       |       |       |     7 ||     7
         Petrifying        |       |       |       |       |     1 ||     1
 Armour: Skin              |    13 |    39 |    64 |   132 |   111 ||   359
  Dodge: Dodged            |    68 |   104 |   274 |   677 |   335 ||  1458
   Form: Flux              |       |       |       |     1 |       ||     1
         Anaconda          |       |       |       |       |     1 ||     1

Table legend: (Time is in decaauts)
 A = Elapsed time spent in this place.
 B = Non-inter-level travel time spent in this place.
 C = Inter-level travel time spent in this place.
 D = Time resting spent in this place.
 E = Time spent auto-exploring this place.
 F = Levels seen in this place.
 G = Mean time per level.
                   A        B        C        D        E       F      G
               +--------+--------+--------+--------+--------+-----+--------+
         Total |  17844 |  16461 |   1383 |   5263 |   6260 |  16 | 1115.2 |
       Dungeon |   8997 |   8190 |    807 |   1851 |   4219 |   9 |  999.7 |
        Temple |     15 |     15 |      0 |      0 |      0 |   1 |   15.0 |
          Lair |   8500 |   7924 |    576 |   3284 |   2040 |   5 | 1700.0 |
       Ossuary |    331 |    331 |      0 |    128 |      0 |   1 |  331.0 |
               +--------+--------+--------+--------+--------+-----+--------+

Top non-repeatable levels by time:
  Lair:1: 2390 daAuts
  Lair:4: 2331 daAuts
  Lair:3: 1471 daAuts
     D:9: 1433 daAuts
     D:6: 1385 daAuts
  Lair:2: 1367 daAuts
     D:7: 1106 daAuts
     D:4: 992 daAuts
  Lair:5: 939 daAuts
     D:8: 904 daAuts
     D:5: 820 daAuts
     D:2: 789 daAuts
     D:3: 784 daAuts
     D:1: 780 daAuts
 Ossuary: 331 daAuts
